 Dungeon Crawl Stone Soup version 0.21-a0-51-gea492e9 (webtiles) character file.

11877 dududu the Cleaver (level 11, -3/89 HPs)
             Began as a Mummy Fighter on June 12, 2017.
             Was an Initiate of Gozag.
             Slain by a black mamba (13 damage)
             ... on level 1 of the Lair of Beasts.
             The game lasted 00:37:54 (10437 turns).

dududu the Cleaver (Mummy Fighter)                 Turns: 10437, Time: 00:37:55

Health: -3/89      AC: 15    Str: 23    XL:     11   Next: 55%
Magic:  16/16      EV:  5    Int:  7    God:    Gozag
Gold:   1370       SH:  9    Dex: 16    Spells: 10/10 levels left

rFire    x . .     SeeInvis .   a - +0 war axe
rCold    + . .     Gourm    .   c - +0 shield
rNeg     + + +     Faith    .   A - +0 chain mail {rPois}
rPois    ∞         Spirit   .   k - +0 helmet
rElec    .         Reflect  .   (no cloak)
rCorr    .         Harm     .   (no gloves)
MR       +....                  u - +0 pair of boots
Stlth    ..........             (no amulet)
Regen    0.3/turn               x - +4 ring of dexterity
MPRegen  0.2/turn               y - +4 ring of protection (curse)

@: gold aura
A: no food or potions, fire vulnerability, cold resistance 1, negative energy
resistance 3, torment resistance, unbreathing
a: Potion Petition, Call Merchant, Bribe Branch, Renounce Religion


You were on level 1 of the Lair of Beasts.
You worshipped Gozag.
Gozag was most pleased with you.
You were not hungry.

You visited 3 branches of the dungeon, and saw 12 of its levels.

You collected 1484 gold pieces.
You paid 114 gold pieces to Gozag.

Inventory:

Hand Weapons
 a - a +0 war axe (weapon)
 b - the +7 hunting sling of Invincibility {venom, rPois rF++ MR+ Str-5}
   (You found it on level 5 of the Dungeon)

   It poisons the ammo it fires.
   It affects your strength (-5).
   It greatly protects you from fire.
   It protects you from poison.
   It affects your resistance to hostile enchantments.
Missiles
 d - 281 stones
 f - 2 throwing nets
 g - 5 javelins (quivered)
 i - 34 sling bullets
Armour
 c - a +0 shield (worn)
 k - a +0 helmet (worn)
 l - a +0 chain mail
 u - a +0 pair of boots (worn)
 A - a +0 chain mail of poison resistance (worn)
Jewellery
 x - a +4 ring of dexterity (left hand)
 y - a cursed +4 ring of protection (right hand)
 z - an uncursed ring of ice
 E - an uncursed ring of protection from magic {unknown}
 F - an uncursed ring of protection from fire {unknown}
Wands
 r - a wand of iceblast (4/15)
 v - a wand of confusion (35/48)
 w - a wand of confusion (7/48)
 B - a wand of polymorph (11/24)
 C - a wand of flame (37/48)
 I - a wand of flame (24/48)
 J - a wand of lightning (7/15)
 K - a wand of lightning (4/15)
Scrolls
 e - 2 scrolls of blinking
 h - 8 scrolls of recharging
 j - 3 scrolls of magic mapping
 m - 2 scrolls of fear
 n - 2 scrolls of amnesia
 o - a scroll of enchant armour
 p - 5 scrolls of teleportation
 q - 8 scrolls of remove curse
 s - 3 scrolls of fog {unknown}
 t - a scroll of acquirement {unknown}
 D - a scroll of identify
 L - a scroll of noise {unknown}
Books
 G - the Disquisition on the Captivating Voyage
   (You found it on level 9 of the Dungeon)

   Spells                             Type                      Level
   a - Apportation                    Translocation                1
   b - Gell's Gravitas                Translocation                3
   c - Yara's Violent Unravelling     Hexes/Transmutation          5
   d - Malign Gateway                 Summoning/Translocation      7
Miscellaneous
 H - a lightning rod (4/4)


   Skills:
 + Level 9.2 Fighting
 + Level 11.6 Axes
 - Level 0.1 Throwing
 - Level 2.6 Armour
 - Level 0.1 Stealth
 - Level 2.6 Shields
 + Level 7.1 Evocations


You had 10 spell levels left.
You didn't know any spells.

Dungeon Overview and Level Annotations

Branches:
Dungeon (10/15)            Temple (1/1) D:7            Lair (1/6) D:10
    Orc (0/2) D:9

Altars:
Ashenzari
Cheibriados
Dithmenos
Elyvilon
Fedhas
Gozag
Hepliaklqana
Kikubaaqudgha
Makhleb
Nemelex Xobeh
Okawaru
Qazlal
Ru
Sif Muna
Trog
Uskayaw
Vehumet
Wu Jian
Xom
Yredelemnul
Zin
The Shining One

Shops:
D:8 (


Innate Abilities, Weirdness & Mutations

You do not eat or drink.
Your flesh is vulnerable to fire.
You are immune to poison.
Your flesh is cold resistant. (rC+)
You are immune to negative energy. (rN+++)
You are immune to unholy pain and torment.
You can survive without breathing.


Message History

The black mamba is heavily wounded.
The black mamba bites you. You block the black mamba's attack.
You miss the black mamba.
The black mamba is heavily wounded.
The black mamba bites you but does no damage.
The black mamba bites you!
* * * LOW HITPOINT WARNING * * *
You closely miss the black mamba.
The black mamba is moderately wounded.
The black mamba bites you!
* * * LOW HITPOINT WARNING * * *
You hit the black mamba.
The black mamba is heavily wounded.
The black mamba bites you but does no damage.
The black mamba barely misses you.
Your chain mail prevents you from hitting the black mamba.
The black mamba is heavily wounded.
The black mamba bites you!
You die...
Your body crumbles into a pile of gold.

..#..(.###
........##
#........
....... #
#..... .#
#....#.#
#..S...#
#..@$.(#
#......# $
#P...##(#
#....# #
.....(#
####..##
###


You could see a black mamba.

Vanquished Creatures
  A hydra (D:9)
  5 two-headed ogres
  A centaur warrior (D:9)
  The ghost of grindst0ne the Archer, a novice CeHu of Okawaru (D:8)
  A centaur skeleton (D:10)
  Prince Ribbit (D:6)
  A troll (D:9)
  2 hippogriffs (D:9)
  A yak (D:9)
  Eustachio (D:5)
  A wyvern (D:8)
  3 hungry ghosts
  A vampire mosquito (D:9)
  4 wargs (D:9)
  3 orc warriors
  2 ice beasts
  2 sky beasts
  A hornet zombie (D:9)
  An eye of draining (D:10)
  2 phantoms
  A black bear (D:9)
  An ogre (D:6)
  6 centaurs
  6 bullfrogs
  A wyvern zombie (D:7)
  4 scorpions
  A water moccasin skeleton (D:7)
  6 howler monkeys
  A bullfrog zombie (D:6)
  A crimson imp (D:6)
  2 centaur zombies
  A quasit (D:9)
  2 jellies
  4 hounds
  6 orc priests
  3 bullfrog skeletons
  An iguana (D:7)
  Natasha (twice) (D:2)
  13 orc wizards
  7 worker ants
  A worker ant zombie (D:8)
  A howler monkey skeleton (D:9)
  8 gnolls
  11 adders
  2 shadow imps
  An ooze (D:5)
  An adder zombie (D:9)
  2 worms
  A dart slug (D:2)
  4 leopard geckos
  31 orcs
  3 bats
  8 giant cockroaches
  5 goblins
  6 hobgoblins
  11 jackals
  2 kobolds
  4 quokkas
  A ball python (D:2)
  6 frilled lizards
  A giant cockroach zombie (D:5)
  A jackal skeleton (D:5)
  6 rats
221 creatures vanquished.

Notes
Turn   | Place    | Note
-------+----------+-------------------------------------------
     0 | D:1      | dududu the Mummy Fighter began the quest for the Orb.
     0 | D:1      | Reached XP level 1. HP: 18/18 MP: 1/1
   204 | D:1      | Reached XP level 2. HP: 24/24 MP: 2/2
   530 | D:2      | Noticed Natasha
   680 | D:2      | Reached skill level 2 in Axes
   697 | D:2      | Reached XP level 3. HP: 26/29 MP: 3/3
   875 | D:2      | Reached skill level 3 in Axes
   905 | D:2      | Reached XP level 4. HP: 30/35 MP: 4/4
  1495 | D:2      | Killed Natasha
  1690 | D:2      | Noticed Natasha
  1703 | D:2      | Killed Natasha
  1703 | D:2      | Reached skill level 4 in Axes
  1703 | D:2      | Reached XP level 5. HP: 34/41 MP: 5/5
  1812 | D:3      | Found a sparkling altar of Nemelex Xobeh.
  2489 | D:4      | Found a snail-covered altar of Cheibriados.
  2498 | D:4      | Found a white marble altar of Elyvilon.
  2567 | D:4      | Reached XP level 6. HP: 42/47 MP: 6/6
  2619 | D:4      | Found a shadowy altar of Dithmenos.
  2638 | D:4      | Reached skill level 5 in Axes
  2752 | D:4      | Found a basalt altar of Yredelemnul.
  2754 | D:4      | Found a hazy altar of Hepliaklqana.
  2754 | D:4      | Found a sparkling altar of Nemelex Xobeh.
  2755 | D:4      | Found a hide-covered altar of Uskayaw.
  2756 | D:4      | Found a shimmering altar of Xom.
  2757 | D:4      | Found an ancient bone altar of Kikubaaqudgha.
  2759 | D:4      | Found an ornate altar of the Wu Jian Council.
  2801 | D:4      | Found an iron altar of Okawaru.
  2821 | D:4      | Found a shattered altar of Ashenzari.
  3035 | D:5      | Entered Level 5 of the Dungeon
  3194 | D:5      | Got a jewelled hunting sling
  3324 | D:5      | Identified the +7 hunting sling of Invincibility {venom, rPois rF++ MR+ Str-5} (You found it on level 5 of the Dungeon)
  3359 | D:5      | Noticed Eustachio
  3361 | D:5      | Reached skill level 6 in Axes
  3367 | D:5      | Killed Eustachio
  3367 | D:5      | Reached XP level 7. HP: 32/52 MP: 7/7
  3389 | D:5      | Reached skill level 7 in Axes
  4172 | D:6      | Reached XP level 8. HP: 58/58 MP: 8/8
  4191 | D:6      | Found a radiant altar of Vehumet.
  4215 | D:6      | Found a burning altar of Makhleb.
  4249 | D:6      | Reached skill level 8 in Axes
  4499 | D:6      | Noticed Prince Ribbit
  4505 | D:6      | Killed Prince Ribbit
  4505 | D:6      | Reached skill level 9 in Axes
  5196 | D:7      | Found a staircase to the Ecumenical Temple.
  5206 | Temple   | Entered the Ecumenical Temple
  5246 | Temple   | Became a worshipper of Gozag Ym Sagoz the Greedy
  5379 | D:7      | Reached skill level 1 in Evocations
  5544 | D:7      | Reached XP level 9. HP: 63/65 MP: 8/10
  6443 | D:8      | Reached skill level 10 in Axes
  6481 | D:8      | Found Unlew's Antique Weapon Shoppe.
  6654 | D:8      | Noticed grindst0ne's ghost (novice CeHu)
  7093 | D:8      | Killed grindst0ne's ghost
  7093 | D:8      | Reached skill level 5 in Fighting
  7319 | D:8      | Reached XP level 10. HP: 76/76 MP: 13/13
  7394 | D:9      | Found a sparkling altar of Nemelex Xobeh.
  7394 | D:9      | Found a glowing golden altar of the Shining One.
  7487 | D:9      | Found a shimmering altar of Xom.
  7489 | D:9      | Found a hide-covered altar of Uskayaw.
  7504 | D:9      | Noticed an eight-headed hydra
  7506 | D:9      | Noticed a two-headed ogre
  7508 | D:9      | Killed an eight-headed hydra
  7513 | D:9      | Killed a two-headed ogre
  7513 | D:9      | Reached skill level 5 in Evocations
  7628 | D:9      | Noticed a two-headed ogre
  7977 | D:9      | Found a staircase to the Orcish Mines.
  8041 | D:9      | Killed a two-headed ogre
  8041 | D:9      | Reached skill level 11 in Axes
  8631 | D:9      | Noticed a two-headed ogre
  8644 | D:9      | Noticed a centaur warrior
  8648 | D:9      | Killed a two-headed ogre
  8648 | D:9      | Reached XP level 11. HP: 29/86 MP: 15/15
  8993 | D:9      | Identified the Disquisition on the Captivating Voyage
  9079 | D:9      | Killed a centaur warrior
  9594 | D:10     | Entered Level 10 of the Dungeon
  9634 | D:10     | Found a staircase to the Lair.
  9675 | D:10     | Noticed a two-headed ogre
  9690 | D:10     | Killed a two-headed ogre
 10090 | D:10     | Noticed a two-headed ogre
 10097 | D:10     | Killed a two-headed ogre
 10422 | Lair:1   | Entered Level 1 of the Lair of Beasts
 10437 | Lair:1   | Slain by a black mamba

Vault maps used:
D:1:      dpeg_arrival_simpleton_a
D:2:      uniq_natasha
D:3:      nemelex_spade_bored_becter
D:4:      lemuel_doored_altar, evilmike_ruin_ashenzari, minitemple,
          lemuel_round_altar, first_bread, st_stairs_12,
          hangedman_decor_peaks_small, elyvilon_altar_4
D:5:      minmay_diamond_boxcup, uniq_eustachio
D:6:      grunt_temple_overflow_lords_of_destruction, uniq_prince_ribbit1
D:7:      minmay_temple_entry_water_ring
D:8:      serial_shops, nicolae_shop_stone
D:9:      minmay_the_grid_octo_2x2, minmay_orc_entry_guard_dogs
D:10:     lair_entry_dummy
Temple:   chequers_temple_sunken

Skill      XL: |  1  2  3  4  5  6  7  8  9 10 11 |
---------------+----------------------------------+-----
Axes           | 2 3 4 6 7 9 10 11 | 11.6
Evocations     | 1 4 6 7 |  7.1
Fighting       | 5 8 9 |  9.2
Throwing       | |  0.1
Armour         | |  2.6
Stealth        | |  0.1
Shields        | |  2.6

Action                   |  1- 3 |  4- 6 |  7- 9 | 10-12 || total
-------------------------+-------+-------+-------+-------++-------
Melee: War axe           |    82 |   226 |   222 |   138 ||   668
 Fire: Hunting sling     |       |    12 |   173 |   175 ||   360
Throw: Stone             |    16 |       |       |       ||    16
       Javelin           |     2 |    16 |       |       ||    18
Evoke: Wand              |       |       |     1 |    13 ||    14
  Use: Scroll            |       |     7 |     7 |     2 ||    16
Armor: Scale mail        |    20 |       |       |       ||    20
       Chain mail        |    18 |   129 |   151 |   107 ||   405
Dodge: Dodged            |    30 |    59 |    34 |    27 ||   150
Block: Shield            |    36 |    93 |   106 |    76 ||   311
